[Event "*** Titled Tuesday Blitz"]
[Site "Chess.com"]
[Date "2020.04.07"]
[Round "1"]
[White "suyu28"]
[Black "Indianlad"]
[Result "0-1"]
[WhiteElo "2487"]
[BlackElo "3011"]
[TimeControl "180+1"]
[EndTime "13:06:09 PDT"]
[Termination "Indianlad won on time"]

1. d4 Nf6 2. c4 g6 3. Nf3 Bg7 4. Nc3 d5 5. e3 O-O 6. Qb3 c6 7. Be2 a5 8. O-O dxc4 9. Bxc4 b5 10. Be2 Bf5 11. Bd2 a4 12. Qd1 Nbd7 13. a3 Nb6 14.
Ne5 Rc8 15. Rc1 Be6 16. Bf3 Bb3 17. Qe1 Nfd5 18. Nxd5 cxd5 19. Ba5 Bxe5 20. dxe5 Bc4 21. Be2 Rb8 22. Qd2 e6 23. Rfd1 Qc7 24. Bb4 Qxe5 25. Bxf8 Rxf8 26. Bf3 Bb3 27. Qd4 Qd6 28. Re1 Nc4 29. e4 Qf4 0-1

[Event "*** Titled Tuesday Blitz"]
[Site "Chess.com"]
[Date "2020.04.07"]
[Round "1"]
[White "djano"]
[Black "GOGIEFF"]
[Result "0-1"]
[WhiteElo "2476"]
[BlackElo "2943"]
[TimeControl "180+1"]
[EndTime "13:06:09 PDT"]
[Termination "GOGIEFF won by resignation"]

1. Nf3 Nf6 2. g3 b5 3. Bg2 Bb7 4. O-O e6 5. d3 d5 6. Nbd2 Be7 7. Re1 O-O 8. e4 c5 9. e5 Nfd7 10. Nf1 Nc6 11. h4 Nd4 12. Ng5 h6 13. Nh3 Qc7 14. Bf4 Nf5 15. Nh2 d4 16. Re4 c4 17. h5 Rac8 18.
Ng4 cxd3 19. cxd3 Qc2 20. Qe1 Qxd3 21. Rd1 Qc2 22. Re2 Qc7 23. Nf6+ Kh8 24. Bxb7 Qxb7 25.
Nxd7 Qxd7 26. Qd2 Rfd8 27. f3 d3 28. Rg2 Qb7 29. g4 Rc2 30. Qe1 Nh4 31. Rg3 Nxf3+ 32.
Rxf3 Qxf3 0-1

[Event "*** Titled Tuesday Blitz"]
[Site "Chess.com"]
[Date "2020.04.07"]
[Round "1"]
[White "nabukatnezarr"]
[Black "esteban062000"]
[Result "1-0"]
[WhiteElo "2543"]
[BlackElo "2157"]
[TimeControl "180+1"]
[EndTime "13:06:09 PDT"]
[Termination "nabukatnezarr won by resignation"]

1. d4 Nf6 2. Bf4 e6 3. e3 c5 4.
c3 d5 5. Nd2 Nc6 6. Ngf3 Be7 7.
Bg3 O-O 8. Ne5 Nxe5 9. dxe5 Nd7 10. c4 Nb6 11. Be2 f6 12. O-O fxe5 13. Bxe5 Bf6 14. Bxf6 Rxf6 15. Qc2 Rh6 16. cxd5 Qd6 17. g3 exd5 18.
Rac1 Bh3 19. Rfd1 Rc8 20. Ne4 Qg6 21. Nd2 Bf5 22. Qb3 c4 23. Qa3 Bg4 24. Bxg4 Qxg4 25. Qxa7 Qh5 26. Nf1 Rf8 27. Rd4 Qe2 28. Rd2 Qf3 29.
Qxb7 Qf5 30. b3 c3 31. Rxc3 Qh5 32. Rc6 Rhf6 33. Qxb6 Rxc6 34. Qxc6 1-0

[Event "*** Titled Tuesday Blitz"]
[Site "Chess.com"]
[Date "2020.04.07"]
[Round "1"]
[White "igorcadilhac"]
[Black "kleinebeer98"]
[Result "0-1"]
[WhiteElo "2365"]
[BlackElo "2713"]
[TimeControl "180+1"]
[EndTime "13:06:10 PDT"]
[Termination "kleinebeer98 won by resignation"]

1. e4 e5 2. Nf3 Nc6 3. Bb5 f5 4. Nc3 fxe4 5. Nxe4 Nf6 6. Nxf6+ Qxf6 7. O-O Be7 8. d3 O-O 9. Bg5 Qf5 10. Bxc6 Bxg5 11. Be4 Qf6 12. Qe2 d6 13. Nxg5 Qxg5 14. Rae1 c6 15.
c3 Be6 16. d4 Bxa2 17. dxe5 dxe5 18. Qc2 Bc4 19. Bxh7+ Kh8 20. Bd3 Bd5 21. Be4 Rf4 22. Bxd5 cxd5 23. Re3 e4 24. c4 Rc8 25. Rh3+ Kg8 26. Rc3 d4 27. Rg3 Qf6 28. c5 Rf8 29. Qc4+ Rf7 30. b4 Rxf2 0-1

[Event "*** Titled Tuesday Blitz"]
[Site "Chess.com"]
[Date "2020.04.07"]
[Round "1"]
[White "DrMelekess"]
[Black "rynos0411"]
[Result "1-0"]
[WhiteElo "2710"]
[BlackElo "2366"]
[TimeControl "180+1"]
[EndTime "13:06:10 PDT"]
[Termination "DrMelekess won by resignation"]

1. d4 Nf6 2. Nf3 e6 3. c4 d5 4. Nc3 Bb4 5. Qa4+ Nc6 6. Bg5 h6 7. Bxf6 Qxf6 8. e3 O-O 9. Rc1 Bd7 10. Qc2 Rad8 11. a3 Bxc3+ 12. Qxc3 g5 13. h3 Qg7 14. Be2 Rfe8 15. b4 Ne7 16. Ne5 c6 17. Bh5 Rf8 18. O-O Bc8 19. f4 f6 20. Nd3 Nf5 21. Rfe1 Ng3 22. Bf3 Ne4 23. Qc2 Kh8 24. Rf1 Ng3 25. Rfe1 Nf5 26. fxg5 hxg5 27. Qf2 e5 28. cxd5 cxd5 29.
Bg4 Nd6 30. Bxc8 Rxc8 31. Rxc8 Rxc8 32. dxe5 fxe5 33. Qg3 Re8 34. Rf1 Ne4 35. Qg4 Kg8 36.
Rf5 Re7 37. Nf2 Nxf2 38. Rxf2 Rf7 39. Qe6 Kf8 40. Qc8+ Ke7 41. Qxb7+ Ke6 42. Qc6+ Ke7 43. Qb7+ Ke6 44. Qa6+ Ke7 45. Qxa7+ Kf8 46. Qxf7+ 1-0

[Event "*** Titled Tuesday Blitz"]
[Site "Chess.com"]
[Date "2020.04.07"]
[Round "1"]
[White "GM-AndreyOrlov"]
[Black "jaskol95"]
[Result "1-0"]
[WhiteElo "2788"]
[BlackElo "2406"]
[TimeControl "180+1"]
[EndTime "13:06:11 PDT"]
[Termination "GM-AndreyOrlov won by resignation"]

1. e4 e6 2. d4 d5 3. Nc3 Bb4 4. Bd3 c5 5. exd5 cxd4 6. Bb5+ Bd7 7. Bxd7+ Qxd7 8. Qxd4 Bxc3+ 9. Qxc3 Nf6 10. dxe6 Qxe6+ 11. Be3 O-O 12. Nf3 Nd5 13. Qb3 Nc6 14. O-O Nxe3 15. Qxe6 fxe6 16. fxe3 Nb4 17. c3 Nc2 18. Rac1 Nxe3 19.
Rfe1 Nd5 20. Rxe6 Nf4 21. Re3 Rad8 22. Nd4 Nd5 23. Re2 Rf7 24. Rce1 Rdf8 25. g3 a6 26. a4 h6 27. a5 Kh7 28. Kg2 Rf6 29.
h3 h5 30. h4 Kh6 31. Ne6 Re8 32.
Ng5 Rxe2+ 33. Rxe2 Rf5 34. Re6+ g6 35. Rd6 Rxg5 36.
hxg5+ 1-0

[Event "*** Titled Tuesday Blitz"]
[Site "Chess.com"]
[Date "2020.04.07"]
[Round "1"]
[White "UmutErdemGunduz"]
[Black "MikeKorovin"]
[Result "0-1"]
[WhiteElo "2404"]
[BlackElo "2762"]
[TimeControl "180+1"]
[EndTime "13:06:11 PDT"]
[Termination "MikeKorovin won by resignation"]

1. e4 Nc6 2. Nf3 e6 3. d4 d5 4. Nc3 Bb4 5. e5 Nge7 6. Bd3 Nf5 7. a3 Be7 8. Ne2 h5 9. h3 g5 10. c4 dxc4 11. Bxc4 Rg8 12. g4 Nh6 13. Qd3 Rh8 14.
Be3 a6 15. O-O-O b5 16. Ba2 Bb7 17. d5 Na5 18. Qc3 Nc4 19. dxe6 Bxf3 20. Rxd8+ Rxd8 21. exf7+ Kf8 22. Bxc4 bxc4 23. Qxc4 Bxh1 24. e6 hxg4 25. hxg4 Bd5 26. Qc3 Nxf7 27. exf7 Kxf7 28. Nd4 Rh1+ 29. Kc2 Be4+ 30. Kb3 c5 31. Nf5 Rd3 0-1

[Event "*** Titled Tuesday Blitz"]
[Site "Chess.com"]
[Date "2020.04.07"]
[Round "1"]
[White "Antipov_Mikhail_Al"]
[Black "marcodobrikov"]
[Result "1-0"]
[WhiteElo "2961"]
[BlackElo "2480"]
[TimeControl "180+1"]
[EndTime "13:06:12 PDT"]
[Termination "Antipov_Mikhail_Al won by resignation"]

1. e4 c5 2. Nf3 d6 3. d4 cxd4 4. Nxd4 Nf6 5. f3 e5 6. Nb3 Be6 7. c4 Nbd7 8. Be3 Rc8 9. Nc3 Bxc4 10. Bxc4 Rxc4 11. g4 Nb6 12. g5 Nfd7 13. Na5 Rc7 14. Nb5 Nc4 15. Rc1 Nxe3 16. Nxc7+ Qxc7 17. Rxc7 Nxd1 18. Rc8+ Ke7 19. Kxd1 g6 20. Nxb7 Bg7 21. Rxh8 Bxh8 22.
Ke2 Nb6 23. Rc1 Kd7 24. b3 f6 25. h4 Bg7 26. Rd1 Nc8 27. Nc5+ Ke7 28. Nd3 h6 29. Nb4 fxg5 30. hxg5 hxg5 31. Rc1 Kd7 32. Nd5 Bf8 33.
Rc7+ Kd8 34. Rh7 Ne7 35. Nxe7 Bxe7 36. Kd3 Kd7 37. Kc4 Ke6 38. b4 a6 39. a4 Bd8 40. a5 g4 41. fxg4 Kf6 42. Rd7 Be7 43. b5 axb5+ 44. Kxb5 1-0

[Event "*** Titled Tuesday Blitz"]
[Site "Chess.com"]
[Date "2020.04.07"]
[Round "1"]
[White "Supelyel"]
[Black "bascheyaro"]
[Result "0-1"]
[WhiteElo "2400"]
[BlackElo "2754"]
[TimeControl "180+1"]
[EndTime "13:06:13 PDT"]
[Termination "bascheyaro won on time"]

1. c4 e5 2. Nc3 Nc6 3. g3 Bc5 4. Bg2 d6 5. e3 a5 6. Nge2 Nge7 7. a3 O-O 8. O-O Bf5 9. d4 Ba7 10. b3 Qd7 11. Bb2 Bh3 12. Rc1 h5 13. Nd5 exd4 14. Nxe7+ Nxe7 15. Nxd4 Bxg2 16. Kxg2 Bxd4 17. Bxd4 Qc6+ 18.
Qf3 Nf5 19. Bc3 Rfe8 20. h4 g6 21. Rfe1 Re4 22. Bf6 Rae8 23. Rcd1 a4 24. bxa4 Qxa4 25. Rd5 Qc6 26. Rc1 R8e6 27. Ba1 Rxc4 28. Rxc4 Qxc4 29.
Rxf5 gxf5 30. Kh2 Qg4 0-1

[Event "*** Titled Tuesday Blitz"]
[Site "Chess.com"]
[Date "2020.04.07"]
[Round "1"]
[White "VSERGUEI"]
[Black "dennisodessa"]
[Result "1-0"]
[WhiteElo "2599"]
[BlackElo "2252"]
[TimeControl "180+1"]
[EndTime "13:06:13 PDT"]
[Termination "VSERGUEI won by resignation"]

1. d4 Nf6 2. c4 e6 3. Nc3 Bb4 4.
f3 c5 5. d5 O-O 6. e4 exd5 7.
cxd5 Re8 8. Ne2 b5 9. Ng3 a6 10. Be2 d6 11. O-O Nbd7 12. Kh1 c4 13. a4 Bb7 14.
axb5 Bxc3 15. bxc3 axb5 16. Bf4 Nc5 17. Nf5 Rxa1 18.
Qxa1 Nxd5 19. Bxd6 Nb3 20. Qa7 Qa8 21. Qf2 g6 22.
exd5 gxf5 23. Qg3+ Kh8 24. Be5+ Rxe5 25. Qxe5+ Kg8 26.
d6 Bd5 27. Rd1 Be6 28. d7 Qd8 29. Qxb5 Kf8 30. Qb4+ 1-0

[Event "*** Titled Tuesday Blitz"]
[Site "Chess.com"]
[Date "2020.04.07"]
[Round "1"]
[White "SavelievAlexei"]
[Black "SPEEDSKATER"]
[Result "0-1"]
[WhiteElo "2411"]
[BlackElo "2785"]
[TimeControl "180+1"]
[EndTime "13:06:16 PDT"]
[Termination "SPEEDSKATER won by resignation"]

1. e4 e6 2. d4 d5 3. Nc3 Bb4 4.
e5 Ne7 5. Qg4 c5 6. dxc5 Nbc6 7.
Bd2 Bxc5 8. Na4 Bd4 9. Nf3 Nf5 10. Nxd4 Ncxd4 11. Bd3 Qh4 12. Qxh4 Nxh4 13. O-O Nhf3+ 14. gxf3 Nxf3+ 15. Kg2 Nxd2 16. Rfd1 Nc4 17. Bxc4 dxc4 18. Rd4 Bd7 19. Nc5 Bc6+ 20. Kg3 Ke7 21. Rad1 Rad8 22. f4 b6 23. Na6 Bb7 24. Nc7 Rxd4 25. Rxd4 a6 26.
Rxc4 Rc8 0-1

[Event "*** Titled Tuesday Blitz"]
[Site "Chess.com"]
[Date "2020.04.07"]
[Round "1"]
[White "korbul"]
[Black "Resignify"]
[Result "1-0"]
[WhiteElo "2560"]
[BlackElo "2198"]
[TimeControl "180+1"]
[EndTime "13:06:16 PDT"]
[Termination "korbul won on time"]

1. d4 Nf6 2. c4 e6 3. Nf3 c5 4.
d5 exd5 5. cxd5 d6 6. Nc3 g6 7. Bf4 a6 8. e4 Bg7 9. Bd3 b5 10.
O-O O-O 11. h3 Qe7 12. a4 b4 13. Nb1 Nfd7 14. Qc2 Ne5 15. Nxe5 Bxe5 16. Bxe5 Qxe5 17. Nd2 Nd7 18. Nc4 Qe7 19. f4 a5 20. Rae1 Ba6 21.
b3 Bxc4 22. Bxc4 f6 23. Re2 Kg7 24. Rfe1 Ra7 25. Bb5 Rf7 26. Qb2 Qf8 27. g3 Re7 28. h4 h5 29. Kg2 Kh7 30. Qc2 Qf7 31. Qd3 Nf8 32. e5 dxe5 33. d6 Re6 34. fxe5 fxe5 35. Rxe5 Rxe5 36. Rxe5 Ne6 37. Qe4 Nd4 38. Re7 Rxe7 39.
dxe7 1-0

[Event "*** Titled Tuesday Blitz"]
[Site "Chess.com"]
[Date "2020.04.07"]
[Round "1"]
[White "DucksParadise"]
[Black "Mops_2004"]
[Result "0-1"]
[WhiteElo "2059"]
[BlackElo "2520"]
[TimeControl "180+1"]
[EndTime "13:06:16 PDT"]
[Termination "Mops_2004 won by resignation"]

1. e4 d6 2. d4 Nf6 3. Nc3 g6 4. Nf3 Bg7 5. Be2 O-O 6. O-O c6 7. h3 Qc7 8. a4 Nbd7 9. Re1 e5 10.
dxe5 dxe5 11. Be3 Rd8 12. Qb1 Nf8 13. Bc4 Be6 14. Qa2 Bxc4 15. Qxc4 Ne6 16. a5 b5 17. axb6 axb6 18. Qb3 Rxa1 19. Rxa1 Nd4 20. Bxd4 exd4 21. Ne2 Nxe4 22. Qc4 c5 23. c3 Nd6 24. Qd3 c4 25. Qd2 d3 26. Ned4 Re8 27. b3 Ne4 28. Qc1 cxb3 29.
Rb1 Qxc3 30. Qxc3 Nxc3 31. Rxb3 Bxd4 32. Nxd4 d2 0-1

[Event "*** Titled Tuesday Blitz"]
[Site "Chess.com"]
[Date "2020.04.07"]
[Round "1"]
[White "hermionegrangermagic"]
[Black "Angry_Twin"]
[Result "1-0"]
[WhiteElo "2467"]
[BlackElo "2840"]
[TimeControl "180+1"]
[EndTime "13:06:18 PDT"]
[Termination "hermionegrangermagic won on time"]

1. e4 c5 2. Nf3 d6 3. d4 cxd4 4. Nxd4 Nf6 5. Nc3 a6 6. Be3 e5 7. Nf3 Be7 8. a4 O-O 9. Bc4 Be6 10. Ba2 Qc8 11. O-O Nc6 12. Nd2 Rd8 13. Nc4 Bxc4 14. Bxc4 Nb4 15. Bb3 Qc6 16. Bg5 Rac8 17. Qf3 Qd7 18.
Rfd1 1-0

[Event "*** Titled Tuesday Blitz"]
[Site "Chess.com"]
[Date "2020.04.07"]
[Round "1"]
[White "LlambiPasku"]
[Black "Gordima"]
[Result "0-1"]
[WhiteElo "2426"]
[BlackElo "2809"]
[TimeControl "180+1"]
[EndTime "13:06:18 PDT"]
[Termination "Gordima won by resignation"]

1. d4 Nf6 2. c4 c5 3. d5 g6 4.
Nc3 d6 5. Nf3 Bg7 6. e4 O-O 7.
Be2 e6 8. O-O exd5 9. cxd5 Bg4 10. a4 Nbd7 11. Bf4 Qe7 12. Nd2 Bxe2 13. Qxe2 Ne5 14.
h3 Rfe8 15. Rfe1 Rac8 16. Rad1 Nfd7 17. b3 c4 18. Rc1 Nd3 19. Nxc4 Nxf4 20. Qf3 Nh5 21.
Nb5 Ne5 22. Nxe5 Bxe5 23. Nxa7 Rxc1 24. Rxc1 Bd4 25. Nb5 Bc5 26. Re1 Qe5 27. Qg4 f5 28. Qh4 fxe4 29. Nc7 Rf8 30. Re2 Nf4 31. Rc2 e3 32. fxe3 Qxe3+ 33. Kh2 Qg1+ 34. Kg3 Nh5+ 0-1

[Event "*** Titled Tuesday Blitz"]
[Site "Chess.com"]
[Date "2020.04.07"]
[Round "1"]
[White "stolencandy13"]
[Black "GMG"]
[Result "0-1"]
[WhiteElo "2420"]
[BlackElo "2790"]
[TimeControl "180+1"]
[EndTime "13:06:18 PDT"]
[Termination "GMG won by resignation"]

1. e4 c6 2. d4 d5 3. e5 Bf5 4.
h4 h6 5. g4 Be4 6. f3 Bh7 7. h5 e6 8. Bd3 Bxd3 9. Qxd3 c5 10. c4 dxc4 11. Qxc4 Qxd4 12. Qb5+ Qd7 13. Nc3 Nc6 14. Be3 O-O-O 15. Rd1 Nd4 16. Bxd4 cxd4 17.
Nge2 Qxb5 18. Nxb5 Bb4+ 19. Kf1 d3 20. Nec3 a6 21.
Nd6+ Bxd6 22. exd6 Rxd6 23. Ne4 Rd5 24. Kf2 Nf6 25. Nc3 Rd6 26. Rd2 Rhd8 27. Rhd1 b5 28. a3 Kb7 29. Na2 e5 30. Nc3 Rd4 31. Ke3 Nd5+ 32. Nxd5 R8xd5 33. Rc1 Rc4 34. Rcd1 Rcd4 35. Rc1 Rd8 36. Rc3 Kb6 37. b4 g6 38. Rc5 gxh5 39. gxh5 f6 40. Rc3 R4d7 41. Rcxd3 Rxd3+ 42. Rxd3 Rxd3+ 43. Kxd3 f5 44. f4 exf4 45. Ke2 Kc6 46. Kf3 Kd5 47. Kxf4 Ke6 48. Kg3 Ke5 0-1

[Event "*** Titled Tuesday Blitz"]
[Site "Chess.com"]
[Date "2020.04.07"]
[Round "1"]
[White "DerSchachaffe"]
[Black "GadimbayliA"]
[Result "0-1"]
[WhiteElo "2471"]
[BlackElo "2926"]
[TimeControl "180+1"]
[EndTime "13:06:21 PDT"]
[Termination "GadimbayliA won by checkmate"]

1. e4 e5 2. Nf3 d5 3. exd5 e4 4. Qe2 Nf6 5. d3 Bb4+ 6. Nc3 O-O 7. dxe4 Re8 8. e5 Nxd5 9. Bd2 Nc6 10. O-O-O Bxc3 11.
Bxc3 Nxc3 12. bxc3 Qe7 13. Kb2 a5 14. Qe3 a4 15. a3 Bg4 16. Be2 Bxf3 17. gxf3 Nxe5 18. f4 Ng6 19. Qxe7 Rxe7 20. Bf3 c6 21. Rhe1 Kf8 22. f5 Ne5 23. Be2 Rae8 24. Rg1 b5 25. Rd6 Nd7 26. Bd3 Nc5 27. Rg3 Re5 28. f6 Nxd3+ 29.
cxd3 Re2+ 30. Kc1 Re1+ 31. Kd2 R8e2# 0-1

[Event "*** Titled Tuesday Blitz"]
[Site "Chess.com"]
[Date "2020.04.07"]
[Round "1"]
[White "chessintuit"]
[Black "northridgehawk"]
[Result "0-1"]
[WhiteElo "2601"]
[BlackElo "2298"]
[TimeControl "180+1"]
[EndTime "13:06:21 PDT"]
[Termination "northridgehawk won by resignation"]

1. e4 e5 2. Nf3 Nc6 3. Bb5 a6 4. Ba4 Nf6 5. d4 b5 6. Bb3 exd4 7. O-O Nxe4 8. Re1 d5 9. Nc3 Be6 10. Nxe4 dxe4 11. Rxe4 Be7 12. Bxe6 fxe6 13. Rxe6 Qd7 14.
Qe2 O-O-O 15. Qe4 Bd6 16. Bg5 Rde8 17. Rxe8+ Rxe8 18. Qd3 h6 19. Bh4 g5 20. Bg3 Bxg3 21. hxg3 Kb7 22. c3 Rd8 23. cxd4 Nxd4 24. Kh2 Nxf3+ 25.
Qxf3+ Qc6 26. Qe3 Re8 27. Qd2 Re6 28. Rc1 Qd6 29. Qc3 h5 30. Qf3+ c6 31. Qf7+ Kb6 32.
Qf3 h4 33. Rd1 hxg3+ 34. fxg3 Rh6+ 35. Kg1 Qc5+ 36. Qf2 Rh1+ 37. Kxh1 Qxf2 38. Kh2 Qxb2 0-1

[Event "*** Titled Tuesday Blitz"]
[Site "Chess.com"]
[Date "2020.04.07"]
[Round "1"]
[White "david_gomez"]
[Black "A-Fier"]
[Result "0-1"]
[WhiteElo "2441"]
[BlackElo "2836"]
[TimeControl "180+1"]
[EndTime "13:06:23 PDT"]
[Termination "A-Fier won by resignation"]

1. e4 c5 2. Nc3 Nc6 3. g3 g6 4. Bg2 Bg7 5. d3 Rb8 6. f4 b5 7. Nf3 b4 8. Ne2 d6 9. O-O e5 10. Rb1 Nge7 11. Be3 a5 12. h3 O-O 13. g4 exf4 14.
Nxf4 Ba6 15. h4 c4 16. h5 cxd3 17. cxd3 Ne5 18. Nxe5 dxe5 19. Nd5 Nxd5 20. exd5 Qh4 21. Qe2 f5 22. hxg6 hxg6 23. Bc5 Rf7 24. gxf5 gxf5 25.
Rbd1 e4 26. Qf2 Qxf2+ 27. Rxf2 Bxd3 28. Bh3 Rb5 29. Bxf5 Rxf5 30. Rxf5 Rxc5 31. Kg2 Kh7 32. Kg3 Kg6 33. Kf4 Bh6+ 34. Ke5 Rxd5+ 35. Kxd5 Kxf5 36. Rh1 Bg5 37. Kc5 e3 38. Kb6 Bd8+ 39. Kc5 e2 40. Kd4 Ba6 41. Ke3 Bg5+ 42. Kf2 Bd2 43. Rh5+ Ke4 44.
Rh1 Kd3 45. a3 b3 0-1

[Event "*** Titled Tuesday Blitz"]
[Site "Chess.com"]
[Date "2020.04.07"]
[Round "1"]
[White "CookiesAndIceCream"]
[Black "maciek_92"]
[Result "0-1"]
[WhiteElo "2360"]
[BlackElo "2709"]
[TimeControl "180+1"]
[EndTime "13:06:24 PDT"]
[Termination "maciek_92 won by resignation"]

1. e4 c5 2. Nf3 Nc6 3. d4 cxd4 4. Nxd4 e6 5. Nc3 a6 6. Be3 Nf6 7. Qf3 Qc7 8. O-O-O h5 9. Qg3 Qxg3 10. hxg3 Ng4 11. Kd2 Nxe3 12. fxe3 Ne5 13. Be2 g6 14. Rdf1 Bh6 15. b3 b5 16. Bf3 Bb7 17. Nce2 Rc8 18. Rc1 Ke7 19. Nf4 Nxf3+ 20. Nxf3 Bxe4 21. c3 d6 22. Ke2 Bg7 23. Kd2 Rc5 24. Ne2 Rhc8 25. Rhd1 e5 26. Rf1 f6 27. Rg1 Bh6 28. Rgd1 Rd5+ 29. Ke1 Bxe3 30. Rb1 0-1

[Event "*** Titled Tuesday Blitz"]
[Site "Chess.com"]
[Date "2020.04.07"]
[Round "1"]
[White "Skatchkov_V"]
[Black "flomarechot"]
[Result "1-0"]
[WhiteElo "2552"]
[BlackElo "2176"]
[TimeControl "180+1"]
[EndTime "13:06:24 PDT"]
[Termination "Skatchkov_V won by checkmate"]

1. d4 Nf6 2. c4 c5 3. d5 b5 4. Nf3 g6 5. cxb5 a6 6. bxa6 Bg7 7. Nc3 O-O 8. g3 d6 9. Bg2 Bxa6 10.
Rb1 Nbd7 11. O-O Ra7 12. b3 Qa8 13. a4 Rb8 14. Bb2 Ne8 15. Ba1 Rab7 16. Nd2 c4 17.
bxc4 Rxb1 18. Ndxb1 Bxc4 19. Nd2 Ba6 20. Qc2 Rc8 21. Bf3 Ne5 22. Bg2 Nd7 23. Re1 Qb8 24. Ndb1 Qb4 25. Qb2 Bxc3 26. Nxc3 Qc4 27. e3 Ne5 28.
Bf1 Nd3 29. Qd2 Rb8 30. Rd1 Rc8 31. Bxd3 Qxd3 32. Qxd3 Bxd3 33. Rxd3 Nf6 34. Rd4 Ra8 35. Rb4 Kf8 36. Nb5 Nxd5 37. Rc4 Nb6 38. Rh4 Nxa4 39.
Rxh7 e6 40. Bf6 Kg8 41. Rh8# 1-0

[Event "*** Titled Tuesday Blitz"]
[Site "Chess.com"]
[Date "2020.04.07"]
[Round "1"]
[White "FabianoCaruana"]
[Black "Borsuk_Konstantin"]
[Result "1-0"]
[WhiteElo "3030"]
[BlackElo "2490"]
[TimeControl "180+1"]
[EndTime "13:06:25 PDT"]
[Termination "FabianoCaruana won on time"]

1. e4 e6 2. d4 d5 3. e5 c5 4. c3 Nc6 5. Nf3 Qb6 6. a3 c4 7.
Nbd2 Na5 8. g3 Bd7 9. h4 f6 10.
Bh3 O-O-O 11. O-O f5 12. h5 Be8 13. Nh4 Be7 14. Ng2 g5 15. g4 f4 16. a4 Kb8 17.
Ne1 h6 18. Nef3 Bf8 19. Re1 Ne7 20. Bf1 Rc8 21. Qc2 Bf7 22. Qb1 Bg8 23. Be2 Bh7 24.
Qa2 Nb3 25. a5 Nxc1 26. Rexc1 Qc7 27. a6 b6 28. b3 cxb3 29. Qxb3 Nc6 30. c4 Nb4 31. c5 Nc6 32. Bb5 Qd8 33. cxb6 Qxb6 34. Bxc6 1-0

[Event "*** Titled Tuesday Blitz"]
[Site "Chess.com"]
[Date "2020.04.07"]
[Round "1"]
[White "Qingdom"]
[Black "ChessicallyInclined"]
[Result "0-1"]
[WhiteElo "2126"]
[BlackElo "2531"]
[TimeControl "180+1"]
[EndTime "13:06:25 PDT"]
[Termination "ChessicallyInclined won by resignation"]

1. d4 Nf6 2. Bg5 e6 3. e4 h6 4. Bxf6 Qxf6 5. c3 d6 6. Bd3 Nd7 7. Ne2 Qd8 8. O-O Be7 9. Nd2 O-O 10. f4 c5 11. Nf3 cxd4 12. cxd4 e5 13. Rc1 exd4 14. Nfxd4 Nc5 15. Bb1 Qb6 16. Qd2 Bf6 17.
Kh1 Re8 18. Nc3 Nxe4 19. Nxe4 Bxd4 20. Nxd6 Qxd6 21. Rcd1 Rd8 22. Qd3 g6 23. f5 Bxf5 24. Rxf5 gxf5 25. Qxf5 Qf6 26. Qh7+ Kf8 27. Bd3 Qg7 28.
Qe4 Re8 29. Qxb7 Rad8 30. Rf1 Bb6 31. Bb5 Re7 32. Qf3 Bd4 33. b4 Re6 34. Bc4 Rf6 35.
Qe2 Rxf1+ 36. Qxf1 Qf6 37. Qe2 Bb6 38. g3 Re8 0-1

[Event "*** Titled Tuesday Blitz"]
[Site "Chess.com"]
[Date "2020.04.07"]
[Round "1"]
[White "Kingsman132"]
[Black "HarutyunianTigranK"]
[Result "1-0"]
[WhiteElo "2378"]
[BlackElo "2694"]
[TimeControl "180+1"]
[EndTime "13:06:28 PDT"]
[Termination "Kingsman132 won by resignation"]

1. Nf3 d5 2. d4 Nf6 3. Bg5 Ne4 4. Bf4 e6 5. e3 g5 6. Bg3 h5 7. Qd3 h4 8. Be5 f6 9. Nbd2 fxe5 10. Nxe4 dxe4 11.
Qxe4 Qf6 12. dxe5 Qf5 13. Qxf5 exf5 14. Nxg5 Bh6 15. Nh3 Be6 16. f4 Nd7 17. Ng1 O-O-O 18. Nf3 Nc5 19. Nd4 Rhe8 20. O-O-O Ne4 21. Bb5 c6 22. Nxe6 Rxd1+ 23. Rxd1 cxb5 24. Nd4 Rf8 25. Nxb5 Nf2 26. Nd6+ Kd7 27. Rd5 Ke6 28. c4 Ng4 29. Nxb7 Rc8 30. Nc5+ Rxc5 31. Rxc5 Ke7 32. Rc7+ Kf8 33.
Rxa7 Nxe3 34. g3 h3 35. c5 Ng4 36. c6 Ke8 37. Ra8+ Ke7 38. c7 1-0

[Event "*** Titled Tuesday Blitz"]
[Site "Chess.com"]
[Date "2020.04.07"]
[Round "1"]
[White "Vugar_Manafov"]
[Black "Mikromurks"]
[Result "1-0"]
[WhiteElo "2672"]
[BlackElo "2331"]
[TimeControl "180+1"]
[EndTime "13:06:28 PDT"]
[Termination "Vugar_Manafov won by resignation"]

1. d4 Nf6 2. c4 d6 3. Nf3 Nbd7 4. g3 e5 5. Bg2 Be7 6. O-O c6 7. Nc3 Qc7 8. e4 O-O 9. b3 Re8 10. Bb2 a5 11. Re1 Bf8 12. Qc2 exd4 13. Nxd4 g6 14. Rad1 Bg7 15. Rd2 Nc5 16. Red1 Bg4 17.
f3 Bc8 18. Nde2 Qb6 19. Kh1 Bf8 20. Nf4 Be7 21. Nce2 Ncd7 22. Rxd6 Bxd6 23. Rxd6 a4 24. Bd4 Qb4 25. Rxf6 axb3 26. axb3 Nxf6 27. Bxf6 Qe1+ 28. Ng1 Be6 29. Qd3 b5 30. Bc3 Qc1 31. Qd4 1-0

[Event "*** Titled Tuesday Blitz"]
[Site "Chess.com"]
[Date "2020.04.07"]
[Round "1"]
[White "Vegan4future"]
[Black "1f3_2g41-0"]
[Result "0-1"]
[WhiteElo "2516"]
[BlackElo "2148"]
[TimeControl "180+1"]
[EndTime "13:06:28 PDT"]
[Termination "1f3_2g41-0 won by checkmate"]

1. e4 c5 2. Nf3 d6 3. Bb5+ Bd7 4.
Bxd7+ Qxd7 5. O-O Nf6 6. c3 Nxe4 7. Re1 Nf6 8. d4 e6 9. d5 Be7 10. dxe6 fxe6 11. Ng5 e5 12. Qb3 Rf8 13. Na3 Nc6 14.
Ne6 c4 15. Qxc4 d5 16. Nxg7+ Kf7 17. Qh4 Kxg7 18. Bh6+ Kh8 19. Bxf8 Rxf8 20. Rad1 Qf5 21. f3 e4 22. Rf1 Bc5+ 23. Kh1 e3 24. Rde1 Ne5 25. Nb5 Nd3 26. Re2 Nf2+ 27. Kg1 Qd3 28. Rfe1 Qxb5 29. b4 Bb6 30. Qh6 Rf7 31. Qf4 Nd3 32.
Qb8+ Kg7 33. Qg3+ Kf8 34. Qd6+ Kg7 35. Qg3+ Kf8 36. Qd6+ Kg8 37. Rf1 Nxb4 38. Rfe1 Nd3 39. Rf1 Nf4 40. Rxe3 Bxe3+ 41. Rf2 Qb1# 0-1

[Event "*** Titled Tuesday Blitz"]
[Site "Chess.com"]
[Date "2020.04.07"]
[Round "1"]
[White "LuckyTiger"]
[Black "Blitzking642"]
[Result "1-0"]
[WhiteElo "2766"]
[BlackElo "2404"]
[TimeControl "180+1"]
[EndTime "13:06:30 PDT"]
[Termination "LuckyTiger won by resignation"]

1. e4 c5 2. c3 d5 3. exd5 Qxd5 4. d4 Nc6 5. Nf3 Bf5 6. Be3 cxd4 7. cxd4 Bxb1 8.
Rxb1 Nf6 9. Bd3 e6 10. O-O Be7 11. a3 O-O 12. Rc1 Rfd8 13. Bb1 Rac8 14. Qe2 Qh5 15. h3 a6 16. Rfd1 Nd5 17. Ba2 Bf6 18. Rc5 Nce7 19.
Rdc1 Rxc5 20. dxc5 Nxe3 21. Qxe3 Nf5 22. Qe2 Nh4 23. g4 Nxf3+ 24. Qxf3 Qe5 25. b4 h5 26. Bc4 Rd4 27. Bf1 hxg4 28. hxg4 Qg5 29. Rc4 Rxc4 30. Bxc4 Qc1+ 31. Bf1 Be5 32. Qxb7 Qxa3 33. Qa8+ Kh7 34. Qe4+ 1-0

[Event "*** Titled Tuesday Blitz"]
[Site "Chess.com"]
[Date "2020.04.07"]
[Round "1"]
[White "Incognito_Knight"]
[Black "ApacheSVD"]
[Result "1-0"]
[WhiteElo "2710"]
[BlackElo "2361"]
[TimeControl "180+1"]
[EndTime "13:06:30 PDT"]
[Termination "Incognito_Knight won by resignation"]

1. d4 Nf6 2. c4 c5 3. d5 b5 4. Qc2 b4 5. e4 d6 6. Nf3 g6 7. Bd3 Bg7 8. h3 O-O 9. O-O e5 10. a3 a5 11. axb4 cxb4 12. Be3 Nbd7 13. Nbd2 Qc7 14. Rfc1 Nh5 15. c5 dxc5 16. Nb3 Nf4 17.
Nxc5 Nxc5 18. Bxc5 Rd8 19. Bb5 Ba6 20. Bxa6 Rxa6 21.
Bxb4 Qd7 22. Rxa5 Nxh3+ 23. gxh3 Qxh3 24. Rxa6 Qxf3 25. Ra3 1-0